 Dungeon Crawl Stone Soup version 0.15.0-12-gccce430 (webtiles) character file.

228 RobertPalmer the Poker (level 6, -6/44 HPs)
             Began as a Human Death Knight on Sept 1, 2014.
             Was a Believer of Yredelemnul.
             Killed by divine providence
             ... invoked by an orc priest
              (12 damage)
             ... on Level 4 of the Dungeon.
             The game lasted 00:12:37 (3559 turns).

RobertPalmer the Poker (Human Death Knight)         Turns: 3559, Time: 00:12:38

HP  -6/44        AC  6     Str 13      XL: 6   Next: 22%
MP   9/9         EV  9     Int 16      God: Yredelemnul [**....]
Gold 164         SH  0     Dex 14      Spells:  0 memorised,  5 levels left

rFire  . . .     SeeInvis .     a - +1 spear
rCold  . . .     Clarity  .     h - +0 ring mail
rNeg   + . .     rCorr    .     (no shield)
rPois  .         rRot     .     g - +0 helmet
rElec  .         Spirit   .     (no cloak)
SustAb +         Warding  +     (no gloves)
rMut   .         Stasis   .     (no boots)
Gourm  .                        n - amulet of warding
MR     .....                    t - ring of sustain abilities
                                s - +4 ring of intelligence

@: not resistant to hostile enchantments, very unstealthy
A: no striking features
a: Animate Remains, Recall Undead Slaves, Injury Mirror, Renounce Religion


You were on level 4 of the Dungeon.
You worshipped Yredelemnul.
Yredelemnul was pleased with you.
You were hungry.

You visited 1 branch of the dungeon, and saw 4 of its levels.

You collected 164 gold pieces.


   Skills:
 - Level 2.0 Fighting
 + Level 6.0 Polearms
 - Level 1.0 Armour
 - Level 1.0 Dodging
 - Level 3.0 Invocations


You had 5 spell levels left.
You didn't know any spells.

Inventory:

Hand weapons
 a - a +1 spear (weapon)
Armour
 g - a +0 helmet (worn)
 h - a +0 ring mail (worn)
Magical devices
 u - a wand of disintegration (22)
Comestibles
 c - 2 bread rations
Scrolls
 b - 2 scrolls of enchant armour {unknown}
 f - a scroll of random uselessness {unknown}
 i - a scroll of teleportation {unknown}
 m - a scroll of immolation {unknown}
 o - a scroll of recharging {unknown}
 p - a scroll of magic mapping {unknown}
 q - 2 scrolls of identify
 r - a scroll of remove curse {unknown}
Jewellery
 n - an amulet of warding (around neck)
 s - a +4 ring of intelligence (left hand)
 t - a ring of sustain abilities (right hand)
Potions
 d - 2 potions of brilliance
 e - a potion of agility
 j - a potion of curing
 k - a potion of poison {unknown}

Dungeon Overview and Level Annotations

Branches:
Dungeon (4/15)
 Temple: D:4-7

Altars:

........# .#
.........##.#
#....o.......
......o...# #...#..#
.####.#.%.#####
........).Z...##
.#..o.o....Z...##
............@<..####
>......Z.............#
......................#
......................#
.
..................#####
.. ..#.............##
.....#....).#.....##
.##..#.###.####.###
.##....# #.#....#


You could see 2 orc priests, an orc, a friendly giant gecko zombie, a friendly
worm zombie and a friendly worker ant zombie.


Message History

A rat comes into view.
Attack whom?
Aim: an orc, wielding a flail and wearing a leather armour You reach to attack!
You hit the orc.
The orc is almost dead.
You hit the orc.
You kill the orc!
Yredelemnul accepts your kill.
An orc and an orc priest come into view.
The orc priest shouts!
The orc shouts!
Your worker ant zombie waves its antennae.
An orc and an orc priest come into view.
Things that are here:
a flail; a leather armour; an orc corpse You barely miss the rat.
The rat closely misses you.
Your worker ant zombie bites the rat.
The rat dies!
Yredelemnul accepts your slave's kill.
The orc priest glows brightly for a moment.
The orc priest invokes the aid of Beogh against you.
Something smites you!
* * * LOW HITPOINT WARNING * * *
The orc priest invokes the aid of Beogh against you.
Something smites you!
* * * LOW HITPOINT WARNING * * *
The orc priest looks braver.
The orc priest calls down the wrath of Beogh upon you.
Something smites you!
You die...
Your body rises from the dead as a mindless zombie.

Action                   |  1- 3 |  4- 6 || total
-------------------------+-------+-------++-------
Melee: Spear             |    97 |   223 ||   320
Invok: Animate Remains   |       |    14 ||    14
Evoke: Wand              |       |     1 ||     1
  Use: Scroll            |       |     3 ||     3
       Potion            |       |     5 ||     5
  Eat: Chunk             |     1 |     8 ||     9

Vault maps used:
D:1:      sevenhm_arrival_forest_fort_large_4
D:2:      serial_park_square1
D:3:      serial_curves, eino_curves_02, eino_curves_03

Notes
Turn   | Place    | Note
--------------------------------------------------------------
     0 | D:1      | RobertPalmer, the Human Death Knight, began the quest for the Orb.
     0 | D:1      | Reached XP level 1. HP: 16/16 MP: 2/2
   381 | D:1      | Reached XP level 2. HP: 22/22 MP: 3/3
   874 | D:2      | Reached skill level 3 in Polearms
   918 | D:2      | Reached XP level 3. HP: 14/27 MP: 5/5
  1380 | D:2      | Reached skill level 4 in Polearms
  1380 | D:2      | Reached XP level 4. HP: 26/33 MP: 6/6
  2345 | D:3      | Acquired Yredelemnul's second power
  2383 | D:3      | Reached XP level 5. HP: 17/38 MP: 8/8
  2610 | D:3      | Reached skill level 5 in Polearms
  3155 | D:3      | Reached XP level 6. HP: 8/44 MP: 9/9
  3500 | D:4      | Reached skill level 6 in Polearms
  3559 | D:4      | Killed from afar by an orc priest

Vanquished Creatures
  An orc wizard (D:3)
  3 adders
  An inept feature mimic (D:2)
  An inept item mimic (D:3)
  3 worms
  4 giant geckos
  An ooze (D:4)
  6 orcs
  2 ball pythons
  9 bats
  A giant cockroach (D:2)
  6 goblins
  6 hobgoblins
  5 jackals
  A quokka (D:3)
  2 giant newts
  8 kobolds
  10 rats
70 creatures vanquished.

Vanquished Creatures (collateral kills)
  A scorpion (D:3)
  A worker ant (D:4)
  2 hobgoblins (D:3)
  2 rats
6 creatures vanquished.

Vanquished Creatures (others)
  A giant gecko zombie (D:3)
  A hobgoblin zombie (D:3)
  A kobold zombie (D:3)
  An orc skeleton (D:3)
  An orc zombie (D:4)
  A quokka zombie (D:3)
6 creatures vanquished.

Grand Total: 82 creatures vanquished
